 Dungeon Crawl Stone Soup version 0.29.1-12-g30fa7ad0bf (webtiles) character file.

Game seed: 7124543729092193150

0 shoemetal68 the Magician (level 1, 0/15 HPs)
             Began as a Djinni Fire Elementalist on Dec 16, 2022.
             Slain by a quokka (2 damage)
             ... on level 1 of the Dungeon.
             The game lasted 00:05:01 (81 turns).

shoemetal68 the Magician (Djinni Fire Elementalist)   Turns: 81, Time: 00:05:02

Health: 0/15       AC:  2    Str:  7    XL:     1   Next: 11%
Gold:   0          EV: 12    Int: 16    God:
                   SH:  0    Dex: 13

rFire   + + .      SeeInvis .   (no weapon)
rCold   x . .      Faith    .   (no shield)
rNeg    . . .      Spirit   .   a - +0 robe
rPois   ∞          Reflect  .   (no helmet)
rElec   .          Harm     .   (no cloak)
rCorr   .          Rampage  .   (no gloves)
Will    .....                   (boots unavailable)
Stlth   ++........              (no amulet)
HPRegen 0.05/turn               (no ring)
MPRegen 0.00/turn               (no ring)

@: flying
A: sickness immunity, fire resistance 2, cold vulnerability 1, float, innate
caster, HP casting, extra vitality 1
a: no special abilities


You were on level 1 of the Dungeon.
You visited 1 branch of the dungeon, and saw 1 of its levels.

Inventory:

Missiles
 b - 6 stones
Armour
 a - a +0 robe (worn)


   Skills:
 + Level 2.2 Dodging
 + Level 1.5 Stealth
 + Level 2.4 Spellcasting


You couldn't memorise any spells.
You knew the following spells:

 Your Spells              Type           Power      Damage    Failure   Level
a - Foxfire               Conj/Fire      36%        2x1d5     8%          1
b - Scorch                Fire           18%        2d5       11%         2
c - Conjure Flame         Conj/Fire      9%         6-21      22%         3
d - Inner Flame           Hex/Fire       9%         N/A       22%         3
e - Flame Wave            Conj/Fire      9%         2d6       58%         4
Your spell library was empty.

Dungeon Overview and Level Annotations

Branches:
Dungeon (1/15)

Altars:


Innate Abilities, Weirdness & Mutations

You are immune to sickness and miasma.
You are immune to poison.
Your flesh is very heat resistant. (rF++)
You are vulnerable to cold. (rC-)
You float through the air rather than walking.
You learn spells naturally, not from books.
Your magical power is your life essence.
You have superior vitality. (+4 MHP)


Message History

The hobgoblin shouts!
Your rat dissolves into shadows!
A quokka comes into view.
You hit the hobgoblin but do no damage. The hobgoblin barely misses you.
The hobgoblin hits you. The hobgoblin closely misses you.
You aren't carrying any potions.
Throw: 7 stones
Press: ? - help, Q - select action, (/) - cycle Shift-Dir - straight line, f - hobgoblin
Aim: a hobgoblin (56% to hit)
You throw a stone.
The stone hits the hobgoblin but does no damage.
The quokka bites you. The hobgoblin hits you.
Throw: 6 stones
Press: ? - help, Q - select action, (/) - cycle Shift-Dir - straight line, f/p - hobgoblin
Aim: a hobgoblin (56% to hit)
Okay, then.
You aren't carrying any potions.
Casting: Foxfire (safe; 8% risk of failure)
Press: ? - help, Q - select action, (/) - cycle Dir - look around, f - activate You conjure some foxfire!
The quokka closely misses you. The hobgoblin closely misses you.
Your foxfire dissipates!
The foxfire hits the hobgoblin.
The hobgoblin is heavily wounded.
The quokka bites you but does no damage.
Casting: Foxfire (safe; 8% risk of failure)
Press: ? - help, Q - select action, (/) - cycle Dir - look around, f - activate Look: a quokka You conjure some foxfire!
The quokka bites you.
Your foxfire dissipates!
You hit the quokka but do no damage. The quokka closely misses you.
You hit the quokka but do no damage. The quokka bites you.
* * * LOW HITPOINT WARNING * * *
You hit the quokka but do no damage. The quokka bites you.
* * * LOW HITPOINT WARNING * * *
The quokka misses you.
You hit the quokka but do no damage. The quokka bites you.
You die...

##>## # ### ##
..### ####.
#....#####....
#...#...###
#...### ### ##.###
#.# #...# #@#
##..# #r#
#######.# .
#g#####.......##..
#.................
#..####.###.#.....
#..####.###.####.#
#............ .#
##.###...#...# #
#.. ....#....


You could see a quokka and a hobgoblin.

Vanquished Creatures
  A rat (D:1)
1 creature vanquished.

Vanquished Creatures (others)
  3 foxfires (D:1)
3 creatures vanquished.

Grand Total: 4 creatures vanquished

Notes
Turn   | Place    | Note
-------+----------+-------------------------------------------
     0 | D:1      | shoemetal68 the Djinni Fire Elementalist began the quest
                  | for the Orb.
     0 | D:1      | shoemetal68 set off with the following spells memorised:
                  | Foxfire, Scorch, Conjure Flame, Inner Flame, Flame Wave.
     0 | D:1      | Reached XP level 1. HP: 15/15 MP: 0/0
    81 | D:1      | Slain by a quokka

Illustrated notes

Levels and vault maps discovered:
D:1:      minmay_arrival_split_and_join, layout_loops_ring,
          hellmonk_ecumenical_altar_leap_of_faith

Action                   || total
-------------------------++-------
Melee: Unarmed           ||     6
Throw: Stone             ||     1
 Cast: Foxfire           ||     3
  Use: Scroll            ||     1
Armor: Robe              ||     1
Dodge: Dodged            ||     7
